 Dungeon Crawl Stone Soup version 0.26.1 (webtiles) character file.

Game seed: 12086802254850161372

144 KamiKatze the Skirmisher (level 5, -1/42 HPs)
             Began as a Merfolk Berserker on Feb 6, 2021.
             Was a Believer of Trog.
             Slain by a gnoll
             ... wielding a +0 spear
              (7 damage)
             ... on level 2 of the Dungeon.
             The game lasted 00:05:45 (1057 turns).

KamiKatze the Skirmisher (Merfolk Berserker)        Turns: 1057, Time: 00:05:45

Health: -1/42      AC:  3    Str: 18    XL:     5   Next: 26%
Magic:  5/5        EV: 14    Int:  6    God:    Trog [**....]
Gold:   40         SH:  5    Dex: 20    Spells: 4/4 levels left

rFire    . . .     SeeInvis .   a - +0 hand axe
rCold    + . .     Faith    .   (no shield)
rNeg     . . .     Spirit   .   c - +0 leather armour
rPois    .         Reflect  +   (no helmet)
rElec    .         Harm     .   (no cloak)
rCorr    .         Rampage  .   (no gloves)
Will     .....                  (no boots)
Stlth    +.........             k - amulet of reflection
HPRegen  0.14/turn              j - ring of protection from cold
MPRegen  0.09/turn              h - +6 ring of dexterity

@: berserk cooldown, slowed, very slow
A: change form in water, swift swim, stealthy swim
a: Renounce Religion, Berserk, Trog's Hand


You were on level 2 of the Dungeon.
You worshipped Trog.
Trog was pleased with you.
You visited 1 branch of the dungeon, and saw 2 of its levels.

You collected 40 gold pieces.

Inventory:

Hand Weapons
 a - a +0 hand axe (weapon)
Missiles
 b - 54 stones
Armour
 c - a +0 leather armour (worn)
Jewellery
 h - a +6 ring of dexterity (right hand)
 j - a ring of protection from cold (left hand)
 k - an amulet of reflection (around neck)
Scrolls
 e - 4 scrolls of identify {unknown}
 f - a scroll of teleportation {unknown}
 m - a scroll of fog {unknown}
Potions
 d - a potion of invisibility {unknown}
 g - a potion of cancellation {unknown}
 i - a potion of might {unknown}
 l - 2 potions of curing {unknown}


   Skills:
 + Level 4.0 Fighting
 * Level 3.5 Axes
 + Level 2.1 Armour
 + Level 3.9 Dodging


You had 4 spell levels left.
You didn't know any spells.
Your spell library was empty.

Dungeon Overview and Level Annotations

Branches:
Dungeon (2/15)

Altars:


Message History

You hit the gnoll.
The gnoll is heavily wounded.
The gnoll misses you. The gnoll barely misses you.
You slash the gnoll!
You kill the gnoll!
Trog accepts your kill.
A goblin comes into view.
The goblin shouts!
The gnoll closely misses you.
You feel a strong urge to attack something.
You are no longer berserk.
You are exhausted.
You feel yourself slow down. The gnoll barely misses you.
You hit the gnoll.
The gnoll is lightly wounded.
The gnoll closely misses you.
You hit the gnoll.
The gnoll is heavily wounded.
The gnoll hits you with a +0 spear!
You die...

......#................
#..#.###..†..##.#######
#...## ##....##.#
#.##.###..#...#>## #.#
#.#..##......# #.#
#.#.##......## #..
..............# .##
#.##.........##
#####...)@# ##..#g#
#).#g# #..#.# #..#>#
#..#.# ...#.. ##.... ##


You could see a gnoll and a goblin.

Vanquished Creatures
  A centaur (D:2)
  2 adders (D:2)
  3 gnolls
  A giant cockroach (D:2)
  3 goblins
  4 hobgoblins
  2 bats
  3 frilled lizards
  5 kobolds (D:1)
  5 rats (D:1)
29 creatures vanquished.

Notes
Turn   | Place    | Note
-------+----------+-------------------------------------------
     0 | D:1      | KamiKatze the Merfolk Berserker began the quest for the
                  | Orb.
     0 | D:1      | Reached XP level 1. HP: 18/18 MP: 1/1
   249 | D:1      | Reached XP level 2. HP: 24/24 MP: 2/2
   586 | D:1      | Reached XP level 3. HP: 26/29 MP: 3/3
  1037 | D:2      | Noticed a centaur
  1047 | D:2      | Killed a centaur
  1048 | D:2      | Reached skill level 4 in Fighting
  1048 | D:2      | Reached XP level 4. HP: 14/37 MP: 4/4
  1048 | D:2      | Reached XP level 5. HP: 17/42 MP: 5/5
  1051 | D:2      | Reached ** piety under Trog
  1057 | D:2      | Slain by a gnoll

Illustrated notes

Levels and vault maps discovered:
D:1:      giann_forest_graveyard, layout_loops_ring
D:2:      layout_loops_ring, vehumet_crystals, chequers_ecumenical_altar_simple

Skill      XL: |  1  2  3 |
---------------+----------+-----
Dodging        | 3 |  3.9
Axes           | 3 |  3.5
Fighting       | 4 |  4.0
Armour         | 2 |  2.1

Action                   |  1- 3 |  4- 6 || total
-------------------------+-------+-------++-------
Melee: Hand axe          |    95 |     7 ||   102
Invok: Berserk           |     3 |       ||     3
Armor: Leather armour    |    18 |       ||    18
Dodge: Dodged            |    82 |     7 ||    89
Block: Other             |     3 |       ||     3
